 Dungeon Crawl Stone Soup version 0.31-a0-251-gdc1e01ee57 (webtiles) character file.

Game seed: 11704088437210330572

72 qw the Shooter (level 4, -6/36 HPs)
             Began as a Minotaur Hexslinger on July 12, 2023.
             Mangled by Sigmund
             ... wielding a +0 scythe
              (10 damage)
             ... on level 2 of the Dungeon.
             The game lasted 00:00:28 (962 turns).

qw the Shooter (Minotaur Hexslinger)                 Turns: 962, Time: 00:00:28

Health: -6/36      AC:  3    Str: 13    XL:     4   Next: 6%
Magic:  4/4        EV: 12    Int: 10    God:
Gold:   65         SH:  0    Dex: 14    Spells: 4/5 levels left

rFire   . . .        Y - +1 sling
rCold   . . .        (no shield)
rNeg    . . .        e - +0 leather armour
rPois   .            (helmet restricted)
rElec   .            (no cloak)
rCorr   .            (no gloves)
SInv    .            (no boots)
Will    .....        (no amulet)
Stlth   +            (no ring)
HPRegen 0.26/turn    (no ring)
MPRegen 0.09/turn

%: no passive effects
@: no status effects
A: horns 2, retaliatory headbutt
a: no special abilities


You were on level 2 of the Dungeon.
You visited 1 branch of the dungeon, and saw 2 of its levels.

You collected 65 gold pieces.


Innate Abilities, Weirdness & Mutations

You have a pair of horns on your head.
You reflexively headbutt those who attack you in melee.


   Skills:
 - Level 2.0 Fighting
 + Level 4.6 Ranged Weapons
 - Level 2.1 Dodging
 - Level 1.0 Spellcasting
 - Level 2.0 Hexes


You had 4 spell levels left.
You knew the following spells:

 Your Spells              Type           Power      Damage    Failure   Level
a - Slow                  Hex            16%        N/A       19%         1

Your spell library contained the following spells:

 Spells                   Type           Power      Damage    Failure   Level
 Inner Flame              Hex/Fire       2%         N/A       65%         3
 Portal Projectile        Hex/Tloc       4%         N/A       65%         3
 Cause Fear               Hex            2%         N/A       88%         4

Inventory:

Hand Weapons
 Y - a +1 sling (weapon)
Armour
 e - a +0 leather armour (worn)
Scrolls
 b - 3 scrolls of identify
Potions
 a - a potion of magic {unknown}
 d - a potion of heal wounds {unknown}
 h - a potion of curing {unknown}

Dungeon Overview and Level Annotations

Branches:
Dungeon (2/15)

Altars:

Annotations:
D:2 Sigmund


Message History

The cerulean imp is moderately wounded.
Natasha mewls in sadness.
The cerulean imp hits you from afar with a +2 spear. x3
You shoot a sling bullet. The sling bullet hits Natasha.
You kill Natasha!
Natasha screams in pain as she dies!
The cerulean imp disappears in a puff of smoke! x3
You have reached level 4!
You feel stronger.
You start resting.
Sigmund the Dreaded comes into view.
He is wielding a +0 scythe.
You shoot a sling bullet. The sling bullet barely misses Sigmund.
Sigmund shouts!
Sigmund casts a spell at you. The puff of flame hits you!
You shoot a sling bullet.
The sling bullet closely misses Sigmund.
You shoot a sling bullet. The sling bullet barely misses Sigmund.
You shoot a sling bullet.
The sling bullet closely misses Sigmund.
You shoot a sling bullet. The sling bullet hits Sigmund.
Sigmund is lightly wounded.
You shoot a sling bullet. The sling bullet hits Sigmund.
Sigmund is moderately wounded.
Sigmund hits you from afar with a +0 scythe.
You shoot a sling bullet. The sling bullet hits Sigmund.
Sigmund is heavily wounded.
Sigmund barely misses you.
You shoot a sling bullet.
The sling bullet closely misses Sigmund.
Sigmund hits you but does no damage.
You shoot a sling bullet. The sling bullet hits Sigmund.
Sigmund is severely wounded.
Sigmund casts a spell at you. The magic dart hits you.
You shoot a sling bullet. The sling bullet hits Sigmund.
Sigmund is almost dead.
Sigmund hits you from afar with a +0 scythe!
You shoot a sling bullet. The sling bullet barely misses Sigmund.
Sigmund hits you from afar with a +0 scythe!
You die...

######.........####
..................#
..................#
..................#
..................#
.............(....###+#.
........................
........#+#####.........
.>.....@......'.........
.........@.####.........
........................
........................
[.................###.#.
####...(..............#.
...............#.#...
.....##########....##.
#....##.


You could see Sigmund.

Vanquished Creatures
  Natasha (D:2)
  A dart slug (D:1)
  7 endoplasms
  2 giant cockroaches (D:1)
  2 goblins
  A hobgoblin (D:2)
  9 jackals
  A quokka (D:2)
  4 ball pythons (D:1)
  6 bats (D:1)
  A frilled lizard (D:2)
  3 kobolds
  2 rats
40 creatures vanquished.

Notes
Turn   | Place    | Note
-------+----------+-------------------------------------------
     0 | D:1      | qw the Minotaur Hexslinger began the quest for the Orb.
     0 | D:1      | Reached XP level 1. HP: 16/16 MP: 1/1
     0 | D:1      | 0 ||| qw: Version: 0.3-a-52-g30416fa
     0 | D:1      | 0 ||| qw: Game counter: 6597
     0 | D:1      | 0 ||| qw: Melee chars always use a shield: true
     0 | D:1      | 0 ||| qw: God list: Okawaru
     0 | D:1      | 0 ||| qw: Allow faded altars: false
     0 | D:1      | 0 ||| qw: Do Orc after clearing Dungeon:15 true
     0 | D:1      | 0 ||| qw: Do second Lair branch before Depths: true
     0 | D:1      | 0 ||| qw: Lair rune preference: random
     0 | D:1      | 0 ||| qw: Goals: Normal
     0 | D:1      | 0 ||| PLANNING D:1-11
    56 | D:1      | Reached skill level 3 in Ranged Weapons
    56 | D:1      | Reached XP level 2. HP: 17/23 MP: 2/2
   530 | D:1      | Reached XP level 3. HP: 26/29 MP: 3/3
   533 | D:1      | 533 ||| FLEEEEING.
   534 | D:1      | 534 ||| FLEEEEING.
   535 | D:1      | 535 ||| FLEEEEING.
   536 | D:1      | 536 ||| FLEEEEING.
   537 | D:1      | 537 ||| FLEEEEING.
   538 | D:1      | 538 ||| FLEEEEING.
   712 | D:1      | 712 ||| UPGRADING to +0 leather armour.
   722 | D:1      | 722 ||| DROPPING +0 robe.
   723 | D:1      | 723 ||| DROPPING +6 ring of intelligence.
   724 | D:1      | 724 ||| READING scroll labelled BYXOXO FOWNON.
   725 | D:1      | 725 ||| READING scroll labelled TOURAN NARREXU.
   726 | D:1      | 726 ||| DROPPING scroll of poison.
   890 | D:2      | Reached skill level 4 in Ranged Weapons
   931 | D:2      | Noticed Natasha
   938 | D:2      | Killed Natasha
   939 | D:2      | Reached XP level 4. HP: 21/36 MP: 4/4
   951 | D:2      | Noticed Sigmund
   961 | D:2      | HP: 4/36 [Sigmund/+0 scythe (8)]
   962 | D:2      | Mangled by Sigmund

Levels and vault maps discovered:
D:1:      shiori_arrival_maze, layout_loops_ring
D:2:      layout_basic, uniq_sigmund, uniq_natasha

Skill      XL: |  1  2  3 |
---------------+----------+-----
Ranged Weapons | 3 4 |  4.6
Fighting       | 2 |  2.0
Dodging        | |  2.1
Spellcasting   | |  1.0
Hexes          | |  2.0

Action                     |  1- 3 |  4- 6 || total
---------------------------+-------+-------++-------
   Fire: Sling             |    94 |    11 ||   105
    Use: Scroll            |     2 |       ||     2
 Armour: Robe              |     3 |       ||     3
         Leather armour    |     1 |     1 ||     2
  Dodge: Dodged            |    27 |     1 ||    28

Table legend:
 A = Non-vault XP
 B = Vault XP
 C = Vault XP percentage of total XP
 D = Non-vault monster count
 E = Vault monster count
 F = Vault count percentage of total count
                 A         B        C        D         E       F
            +---------+---------+-------+---------+---------+-------
      Total |      65 |      38 |  36.9 |      37 |       3 |   7.5
            +---------+---------+-------+---------+---------+-------
        D:1 |      42 |       3 |   6.7 |      24 |       2 |   7.7
        D:2 |      23 |      35 |  60.3 |      13 |       1 |   7.1
            +---------+---------+-------+---------+---------+-------
